 Dungeon Sprint DCSS version 0.04.2-19-ga012a504bd (webtiles) character file.

Game seed: 4540420975744045706, levelgen mode: deterministic

1610 diana the Thaumaturge (level 8, -2/72 HPs) Deep Elf Ice Elementalist. Began on May 23, 2021. Was a High Priest of Vehumet. Slain by a spriggan rider ... wielding a cursed +5 spear of venom {(Curse: Fragile)} (12 damage) ... in the Dungeon (Sprint V: "Ziggurat Sprint"). The game lasted 00:06:11 (590 turns).

diana the Thaumaturge (Deep Elf Ice Elementalist)    Turns: 590, Time: 00:06:13

Health: -2/72      AC: 25    Str: 20    XL:     8 ^: 498
Magic:  26/26      EV: 13    Int: 23    God:    Vehumet [5* [155]]
Gold:   0          SH:  0    Dex: 15    Spells: 27/32 levels left

rFire    + + .     Vision   .   F - +7 great mace "Firestarter" {inner flame, rF++}
rCold    . . .     Gourm    .   (also wielding the above weapon)
rNeg     . . .     Faith    .   D - +15 Maxwell's patent armour {-Cast -Tele rElec MR+ rCorr}
rPois    .         Spirit   .   (no helmet)
rElec    +         Reflect  .   (no cloak)
rCorr    +         Harm     .   (no gloves)
MR       +....     NoTele   +   (no boots) Stlth ..........NoCast +
                                (no amulet)
HPRegen  0.34/turn              x - ring of strength
MPRegen  0.36/turn              y - ring of strength

@: berserking, lethally poisoned (-2 -> -21), very quick
A: no striking features
a: Renounce Religion


You were in the Dungeon.
You worshipped Vehumet.
Vehumet was extremely pleased with you.
You were not hungry.

You visited 1 branch

Inventory:

Weapons
 F - the +7 great mace "Firestarter" (weapon) {inner flame, rF++}
   (You found it in the Dungeon)

   Its malleable surface is completely molten, allowing it to meld around and
   partially ignore armour.
   Causes less base damage than a standard weapon; but partially ignores enemy's
   defense and burns causing additional damage to those that don't resist heat.
   It greatly protects you from fire.
   Shields
 J - the +3 warlock's mirror {reflect}
   (You found it in the Dungeon)

   Base shield rating: 3 Skill to remove penalty: 4.0 With your current SH, it
   has a 0% chance to reflect enchantments and other normally unblockable
   effects.
Armour
 a - a +0 robe
 D - the +15 Maxwell's patent armour (worn) {-Cast -Tele rElec MR+ rCorr}
   (You found it in the Dungeon)

   It insulates you from electricity.
   It affects your resistance to hostile enchantments.
   It prevents spellcasting.
   It prevents most forms of teleportation.
   It provides partial protection from all sources of acid and corrosion.
Magical Staves
 E - the +6 Majin-Bo {vampiric, corrupt archmagi; MP+6 Int+6}
   (You found it in the Dungeon)

   [staff of ]

   Base accuracy: +5 Base damage: 5 Base attack delay: 1.2 This weapon's minimum
   attack delay (0.6) is reached at skill level 12.
   The minimum and maximum damage of damaging spells cast with this staff are
   significantly increased.
   It falls into the 'Staves' category.
   It is one handed.
   Its enchantment grants additive spellpower to the spells it enhances.
 H - the +6 staff of Dissatisfaction {chaos, earth; Fragile rC+ AC+5 Int+10 Dex-4}
   (You found it in the Dungeon)

   [staff of earth]

   Base accuracy: +5 Base damage: 5 Base attack delay: 1.2 This weapon's minimum
   attack delay (0.6) is reached at skill level 12.
   Spells enhanced by this staff find their maximum damage significantly
   boosted, but their damage type scrambled completely randomly.
   Additionally they have random effects on those damaged by their magic,
   including debilitating hexes and powerful charms.
   It falls into the 'Staves' category.
   It is one handed.
   Its enchantment grants additive spellpower to the spells it enhances.
 M - the cursed +11 staff "Jeton Zyxuvu" {wizard, death; rF++ rN+, (Curse: *Slow Int-5)}
   (You found it in the Dungeon)

   [staff of death]

   Base accuracy: +5 Base damage: 5 Base attack delay: 1.2 This weapon's minimum
   attack delay (0.6) is reached at skill level 12.
   This staff decreases the difficulty of casting the spells it enhances.
   It falls into the 'Staves' category.
   It is one handed.
   Its enchantment grants additive spellpower to the spells it enhances.
   It has a curse placed upon it.
   { (Curse: *Slow Int-5)}
Jewellery
 l - an uncursed ring of evasion
 t - an uncursed ring of dexterity
 u - an uncursed ring of dexterity
 v - an uncursed ring of intelligence
 w - an uncursed ring of intelligence
 x - a ring of strength (left hand)
 y - a ring of strength (right hand)
 K - an uncursed ring of evasion
Wands
 z - a wand of disintegration (7)
 A - a wand of iceblast (7)
 B - a wand of acid (7)
 G - a wand of flame (2)
Scrolls
 i - 4 scrolls of blinking
 o - 4 scrolls of amnesia
 p - 7 scrolls of fog
 q - a scroll of holy word
 r - 6 scrolls of bless item
 s - 2 scrolls of fear
Potions
 b - 2 potions of brilliance
 d - 10 potions of curing
 e - 10 potions of heal wounds
 f - 6 potions of haste
 g - 7 potions of magic
 h - 2 potions of berserk rage
 j - 2 potions of invisibility
 k - 4 potions of resistance
 m - 5 potions of agility
 n - 5 potions of might
Miscellaneous
 C - a crystal ball of energy
 I - a phantom mirror
Comestibles
 c - 7 rations
 L - 8 chunks of flesh


   Skills:
 + Level 4.0 Fighting
 + Level 9.8 Maces & Staves
 - Level 10.3 Dodging
 - Level 2.4 Stealth
 + Level 12.7 Spellcasting
   Level 1.1 Summonings
 + Level 11.1 Ice Magic


You had 27 spell levels left.
You knew the following spells:

 Your Spells              Type           Power        Failure   Level  Hunger
a - Freeze                Ice            25 (25)      1%          1    None
b - Hailstorm             Ice            60 (100)     1%          4    None

Your spell library contained the following spells:

 Spells                   Type           Power        Failure   Level  Hunger
 Throw Frost              Ice            50 (50)      1%          2    None
 Throw Icicle             Ice            60 (100)     1%          4    None
 Flame Tongue             Fire           14 (30)      8%          1    None
 Sandblast                Erth           14 (50)      8%          1    None
 Shock                    Air            14 (25)      8%          1    None
 Ozocubu's Armour         Chrm/Ice       40 (100)     8%          3    None
 Searing Ray              Fire           14 (50)      11%         2    None
 Blinding Spray           Hex/Pois       14 (50)      21%         3    None
 Ignite Poison            Fire/Tmut      14 (100)     21%         3    None
 Static Discharge         Air            14 (100)     21%         3    None
 Summon Ice Beast         Ice/Summ       42 (100)     22%         4    None
 Pain                     Hex/Necr       14 (25)      26%         1    None
 Poisonous Vapours        Pois/Air       14 (50)      26%         1    None
 Corpse Rot               Tmut/Necr      N/A          36%         2    None
 Passwall                 Tmut/Erth      14 (120)     36%         2    None
 Sticks to Snakes         Tmut           14 (100)     36%         2    None
 Muse Oam's Air Blast     Tloc/Air       14 (100)     54%         4    None
 Mephitic Cloud           Pois/Air       14 (100)     61%         3    None
 Portal Projectile        Chrm/Tloc      14 (50)      61%         3    None
 Pryten's Skeletal Upris  Chrm/Necr      14 (200)     61%         3    None
 Regeneration             Chrm/Necr      14 (200)     61%         3    None
 Scorpion Form            Tmut/Pois      14 (200)     61%         3    None
 Snakes to Sticks         Hex/Tmut       14 (100)     61%         3    None
 Teleport Other           Hex/Tloc       14 (100)     61%         3    None
 Vampiric Draining        Necr           14 (200)     61%         3    None
 Freezing Cloud           Ice/Air        40 (200)     67%         6    #####..
 Bolt of Magma            Fire/Erth      14 (200)     86%         5    ###....
 Fireball                 Fire           14 (200)     86%         5    ###....
 Irradiate                Tmut/Pois      14 (200)     86%         5    ###....
 Iskenderun's Battlesphe  Chrm/Erth      14 (100)     86%         5    ###....
 Animate Dead             Necr           N/A          95%         4    None
 Cause Fear               Hex            14 (200)     95%         4    None
 Summon Lightning Spire   Summ/Air       17 (100)     99%         5    ###....
 Silence                  Hex/Air        14 (200)     100%        5    ###....
 Borgnjor's Vile Clutch   Necr/Erth      14 (200)     100%        6    #####..
 Conjure Ball Lightning   Air            14 (200)     100%        6    #####..
 Deflect Missiles         Chrm/Air       14 (200)     100%        6    #####..
 Dispersal                Tloc           14 (200)     100%        6    #####..
 Statue Form              Tmut/Erth      14 (150)     100%        6    #####..
 Controlled Blink         Tloc           14 (100)     100%        7    ######.
 Disjunction              Tloc           14 (200)     100%        8    #######
 Tornado                  Air            14 (200)     100%        9    #######


Dungeon Overview and Level Annotations

Branches:
Dungeon (1/1)

Altars:
Ashenzari
Cheibriados
Dithmenos
Elyvilon
Fedhas Madash
Gozag Ym Sagoz
Hepliaklqana
Kikubaaqudgha
Makhleb
Nemelex Xobeh
Okawaru
Qazlal
Ru
Sif Muna
Trog
Uskayaw
Vehumet
Wu Jian
Xom
Yredelemnul
Zin
The Shining One Bahamut & Tiamat
Beogh
Jiyva
Lugonu

Annotations:
D 1 transporter


Message History

You feel sick. (2)
The spriggan rider hits you from afar with a cursed +6 spear of freezing {(Curse: Fragile)} (5).
* * * LOW HITPOINT WARNING * * *
The spriggan rider freezes you (1).
* * * LOW HITPOINT WARNING * * *
The spriggan hits you but does no damage.
The spriggan rider hits you with a cursed +5 spear of venom {(Curse: Fragile)} (4).
* * * LOW HITPOINT WARNING * * *
You are more poisoned.
You closely miss the spriggan rider.
* * * LOW HITPOINT WARNING * * *
You feel sick. (2)
The spriggan rider hits you but does no damage.
Unknown command.
The spriggan rider blocks your attack.
* * * LOW HITPOINT WARNING * * *
You feel sick. (1)
The spriggan hits you but does no damage.
The spriggan rider hits you with a cursed +5 spear of venom {(Curse: Fragile)} (12)!
You die...

▓▓▓▓▓▓▓▓▓
▓..8©8..▓
▓..}}:..▓
▓..:}]..▓
▓.......▓
▓.......▓
▓...i...▓
▓..ii†..▓
▓.▓.@†▓.▓
▓...©...▓
▓▓▓▓▓▓▓▓▓


You could see 2 spriggan riders and a spriggan.

Vanquished Creatures
  A spiny frog (D)
  A spriggan (D)
  A yak (D)
  A golden eye (D)
  2 phantoms (D)
  2 porcupines (D)
  A black bear (D)
  2 wolves (D)
  A bullfrog (D)
  2 wights (D)
  A crimson imp (D)
  An iguana (D)
  A shadow imp (D)
  A sewer rat (D)
  A giant cockroach zombie (D)
  2 oozes (D)
  An adder skeleton (D)
  An adder zombie (D)
  3 jackals (D)
  A quokka skeleton (D)
27 creatures vanquished.

Notes
Turn   | Place    | Note
-------+----------+-------------------------------------------
     0 | D        | diana the Deep Elf Ice Elementalist began the quest for the
                  | Orb.
     0 | D        | Reached XP level 1. HP: 10/10 MP: 6/6
     0 | D        | Found a shimmering blue altar of Sif Muna.
     0 | D        | Found a sacrificial altar of Ru.
     0 | D        | Found a bloodstained altar of Trog.
     0 | D        | Found a stormy altar of Qazlal.
     0 | D        | Found an iron altar of Okawaru.
     0 | D        | Found a sparkling altar of Nemelex Xobeh.
     0 | D        | Found a blossoming altar of Fedhas.
     1 | D        | Found the +6 Majin-Bo {vampiric, corrupt archmagi; MP+6
                  | Int+6}
     1 | D        | Found the +9 ballista "Sniper" {velocity, Acc+∞ +Vis}
     1 | D        | Found the +10 dark maul {crush}
     1 | D        | Found the +15 Maxwell's patent armour {-Cast -Tele rElec
                  | MR+ rCorr}
     1 | D        | Found the +18 shield of the Gong {rElec rN+ MR+ EV-5}
     1 | D        | Found the +14 obsidian axe {chop, +Fly +Vis Soulbond}
     1 | D        | Found the +7 great mace "Firestarter" {inner flame, rF++}
     1 | D        | Found the +6 shillelagh "Devastator" {shatter}
     1 | D        | Found the +11 plutonium sword {*Contam Stlth-}
     1 | D        | Found the +8 lance "Wyrmbane" {slay drac, rPois rF+ rC+
                  | AC+3}
     1 | D        | Found the +9 sword of Zonguldrok {reap}
     1 | D        | Found the +13 scythe of Curses {drain, Soulbond}
     1 | D        | Found the +0 sword of Power
     1 | D        | Found the +7 mace of Variability {chain chaos}
     1 | D        | Found the +7 Singing Sword {slice, sonic wave}
     1 | D        | Found the +8 storm bow {elec, penet}
     2 | D        | Found a transporter.
     2 | D        | Found an ancient bone altar of Kikubaaqudgha.
     2 | D        | Found a viscous altar of Jiyva.
     2 | D        | Found a corrupted altar of Lugonu.
     2 | D        | Found a hazy altar of Hepliaklqana.
     2 | D        | Found a burning altar of Makhleb.
     2 | D        | Found an opulent altar of Gozag.
    64 | D        | Reached skill level 5 in Dodging
    64 | D        | Reached skill level 5 in Spellcasting
    64 | D        | Reached skill level 5 in Ice Magic
    64 | D        | Reached XP level 2. HP: 15/15 MP: 6/10
    89 | D        | Became a worshipper of Vehumet
   103 | D        | Entered arena 2.
   103 | D        | Noticed a wight
   103 | D        | Noticed a wight
   103 | D        | Found a transporter.
   105 | D        | Killed a wight
   105 | D        | Reached skill level 6 in Spellcasting
   105 | D        | Reached XP level 3. HP: 19/19 MP: 10/12
   106 | D        | Reached skill level 7 in Spellcasting
   106 | D        | Reached XP level 4. HP: 24/24 MP: 11/15
   113 | D        | Got Sif Muna's Papyrus of Fire
   121 | D        | Entered arena 3.
   121 | D        | Noticed a golden eye
   121 | D        | Found a transporter.
   124 | D        | Reached * piety under Vehumet
   124 | D        | Offered knowledge of Sandblast by Vehumet.
   207 | D        | Killed a golden eye
   207 | D        | Offered knowledge of Shock by Vehumet.
   207 | D        | Reached skill level 8 in Spellcasting
   207 | D        | Reached XP level 5. HP: 28/28 MP: 16/18
   273 | D        | Got the Incunabulum of Heat
   285 | D        | Learned a level 4 spell: Hailstorm
   287 | D        | Entered arena 4.
   287 | D        | Noticed a phantom
   287 | D        | Noticed a phantom
   287 | D        | Found a transporter.
   293 | D        | Killed a phantom
   293 | D        | Killed a phantom
   293 | D        | Reached ** piety under Vehumet
   293 | D        | Reached skill level 9 in Spellcasting
   293 | D        | Reached XP level 6. HP: 23/32 MP: 18/20
   293 | D        | Reached skill level 10 in Spellcasting
   294 | D        | Offered knowledge of Blinding Spray by Vehumet.
   296 | D        | Reached *** piety under Vehumet
   346 | D        | Entered arena 5.
   346 | D        | Found a transporter.
   347 | D        | Found the +3 warlock's mirror {reflect}
   352 | D        | Offered knowledge of Static Discharge by Vehumet.
   353 | D        | Reached **** piety under Vehumet
   359 | D        | Got the +6 staff of Dissatisfaction {chaos, earth; Fragile
                  | rC+ AC+5 Int+10 Dex-4}
   437 | D        | Entered arena 6.
   437 | D        | Found a transporter.
   438 | D        | Found the +7 Klown Katapult {molten, Pie}
   440 | D        | Offered knowledge of Iskenderun's Battlesphere by Vehumet.
   440 | D        | Reached XP level 7. HP: 36/36 MP: 23/23
   440 | D        | Reached skill level 10 in Dodging
   441 | D        | Reached skill level 11 in Spellcasting
   527 | D        | Entered arena 7.
   527 | D        | Noticed a yak
   527 | D        | Noticed a spiny frog
   528 | D        | Found a transporter.
   529 | D        | Reached ***** piety under Vehumet
   530 | D        | Killed a spiny frog
   530 | D        | Offered knowledge of Freezing Cloud by Vehumet.
   530 | D        | Reached skill level 10 in Ice Magic
   530 | D        | Reached XP level 8. HP: 44/44 MP: 23/25
   532 | D        | Reached skill level 12 in Spellcasting
   570 | D        | Got the Grimoire of Heat
   577 | D        | Got the cursed +11 staff "Jeton Zyxuvu" {wizard, death;
                  | rF++ rN+, (Curse: *Slow Int-5)}
   581 | D        | Entered arena 8.
   581 | D        | Noticed a spriggan rider
   581 | D        | Noticed a spriggan rider
   584 | D        | Found a transporter.
   590 | D        | Slain by a spriggan rider

Levels and vault maps discovered:
D:        sprint_v [room_start, room_1, room_2, room_3, room_4, room_5, room_6,
          room_7, room_8, room_9, room_10, room_11, room_12, room_13, room_14,
          room_15, room_16, room_17, room_18, room_19, room_20, room_21,
          room_22, room_23, room_24, room_25, room_26, room_27]

Skill      XL: |  1  2  3  4  5  6  7  8 |
---------------+-------------------------+-----
Maces & Staves | 3 4 6 7 8 9 |  9.8
Dodging        | 5 6 7 8 9 10 | 10.3
Spellcasting   | 5 6 7 8 9 10 11 12 | 12.7
Ice Magic      | 5 6 7 8 9 10 11 | 11.1
Fighting       | 2 4 |  4.0
Stealth        | |  2.4
Summonings     | |  1.1

Action                   |  1- 3 |  4- 6 |  7- 9 || total
-------------------------+-------+-------+-------++-------
Melee: Great mace        |     2 |    33 |    12 ||    47
  Use: Potion            |     1 |       |     1 ||     2
Armor: Plate armour      |     3 |    28 |    16 ||    47
Dodge: Dodged            |       |    15 |     4 ||    19
